 Dungeon Crawl Stone Soup version 0.31-a0-365-gcf821cafb2 (webtiles) character file.

Game seed: 9890702725128162194

611 CraigForest the Covered (level 7, 0/60 HPs)
             Began as a Minotaur Brigand on July 28, 2023.
             Was a Follower of Okawaru.
             Slain by a gnoll
             ... wielding a +0 spear
              (5 damage)
             ... on level 4 of the Dungeon.
             The game lasted 00:20:48 (2426 turns).

CraigForest the Covered (Minotaur Brigand)          Turns: 2426, Time: 00:20:49

Health: 0/60       AC:  8    Str: 21    XL:     7   Next: 20%
Magic:  6/6        EV: 10    Int:  8    God:    Okawaru [*.....]
Gold:   158        SH:  0    Dex: 13    Spells: 6/6 levels left

rFire   . . .        n - +8 whip of Circular Logic {flame, rC+ Will+ Str+5}
rCold   + . .        (no shield)
rNeg    . . .        g - +0 scale mail
rPois   .            (helmet restricted)
rElec   .            h - +0 cloak
rCorr   .            (no gloves)
SInv    .            (no boots)
Will    +....        (no amulet)
Stlth   +            (no ring)
HPRegen 0.30/turn    (no ring)
MPRegen 0.10/turn

%: no passive effects
@: no status effects
A: horns 2, retaliatory headbutt
a: Renounce Religion, Heroism


You were on level 4 of the Dungeon.
You worshipped Okawaru.
Okawaru was aware of your devotion.
You visited 1 branch of the dungeon, and saw 4 of its levels.

You collected 158 gold pieces.

Inventory:

Hand Weapons
 a - a +2 dagger
 e - a +0 war axe
 n - the +8 whip of Circular Logic (weapon) {flame, rC+ Will+ Str+5}
   (You found it on level 2 of the Dungeon)

   Str:       It affects your strength (+5).
   rC:        It protects you from cold.
   Will:      It increases your willpower.
 o - a +2 short sword of venom
Missiles
 d - 4 poisoned darts (quivered)
 f - 37 stones
 v - 2 curare-tipped darts
Armour
 b - a +0 robe
 c - a +0 cloak
 g - a +0 scale mail (worn)
 h - a +0 cloak (worn)
 w - an orb of energy
Talismans
 r - a serpent talisman
Scrolls
 i - a scroll of fear {unknown}
 j - 2 scrolls of revelation {unknown}
 p - a scroll of noise {unknown}
 q - a scroll of fog {unknown}
 u - a scroll of amnesia {unknown}
Potions
 k - a potion of resistance
 l - 2 potions of curing
 m - a potion of might
 s - a potion of mutation {unknown}
 t - a potion of berserk rage


   Skills:
 + Level 4.3 Fighting
 - Level 3.1 Short Blades
 + Level 3.9 Maces & Flails
 + Level 3.7 Throwing
 + Level 4.8 Armour
 + Level 2.6 Dodging
 - Level 3.3 Stealth


You had 6 spell levels left.
You didn't know any spells.
Your spell library contained the following spells:

 Spells                   Type           Power      Damage    Failure   Level
 Poisonous Vapours        Pois/Air       0%         N/A       86%         2
 Mephitic Cloud           Conj/Pois/Air  0%         N/A       98%         3
 Freezing Cloud           Conj/Ice/Air   0%         6-21      100%        5


Dungeon Overview and Level Annotations

Branches:
Dungeon (4/15)
 Temple: D:4-7

Altars:
Ashenzari
Okawaru
Zin


Innate Abilities, Weirdness & Mutations

You have a pair of horns on your head.
You reflexively headbutt those who attack you in melee.


Message History

The kobold attacks as you move away! The kobold misses you.
You furiously retaliate!
You headbutt the kobold.
You kill the kobold!
Okawaru accepts your kill.
Throw: 9 darts (poison)
Press: ? - help, Q - select action, (/) - cycle Shift-Dir - straight line, f - gnoll
Aim: a gnoll, wielding a +0 spear (61% to hit)
You throw a poisoned dart.
The poisoned dart barely misses the gnoll.
You whack the gnoll! You burn the gnoll.
The gnoll is almost dead.
The gnoll hits you with a +0 war axe.
* * * LOW HITPOINT WARNING * * *
Throw: 8 darts (poison)
Press: ? - help, Q - select action, (/) - cycle Shift-Dir - straight line, f/p - gnoll
Aim: a gnoll, wielding a +0 spear (61% to hit)
You throw a poisoned dart.
The poisoned dart completely misses the gnoll.
The poisoned dart barely misses the gnoll.
Throw: 7 darts (poison)
Press: ? - help, Q - select action, (/) - cycle Shift-Dir - straight line, f/p - gnoll
Aim: a gnoll, wielding a +0 spear (61% to hit)
You throw a poisoned dart. The poisoned dart hits the gnoll.
The gnoll is poisoned.
The gnoll is almost dead.
You kill the gnoll!
Okawaru accepts your kill.
Throw: 6 darts (poison)
Press: ? - help, Q - select action, (/) - cycle Shift-Dir - straight line, f/p - gnoll
Aim: a gnoll, wielding a +0 spear (61% to hit)
You throw a poisoned dart. The poisoned dart hits the gnoll.
The gnoll is poisoned.
The gnoll looks more healthy.
Throw: 5 darts (poison)
Press: ? - help, Q - select action, (/) - cycle Shift-Dir - straight line, f/p - gnoll
Aim: a gnoll, wielding a +0 spear (severely wounded, 61% to hit)
You throw a poisoned dart.
The poisoned dart closely misses the gnoll.
The gnoll hits you from afar with a +0 spear.
You die...

##.......## ###.
##.........# ###...
#..........# #.....
#..........####.....
##........###>......
#...........)#.....
##........###(†....
#.....#### #....(.
####@.g(## #......
###...#...# #......
#..#####.## #......
#### ### ######) #)
#) ## .......
.......


You could see a gnoll.

Vanquished Creatures
  A phantom (D:4)
  A scorpion (D:4)
  A hound (D:4)
  An orc priest (D:3)
  Natasha (D:4)
  3 iguanas
  3 orc wizards
  12 gnolls
  4 adders
  A worm (D:2)
  2 dart slugs (D:2)
  10 orcs
  6 ball pythons
  8 endoplasms
  2 giant cockroaches (D:3)
  4 goblins
  3 hobgoblins
  5 jackals (D:1)
  2 quokkas (D:2)
  5 bats
  7 frilled lizards
  6 kobolds
  9 rats
97 creatures vanquished.

Notes
Turn   | Place    | Note
-------+----------+-------------------------------------------
     0 | D:1      | CraigForest the Minotaur Brigand began the quest for the
                  | Orb.
     0 | D:1      | Reached XP level 1. HP: 18/18 MP: 0/0
   212 | D:1      | Reached XP level 2. HP: 20/25 MP: 1/1
   798 | D:2      | Reached XP level 3. HP: 31/31 MP: 2/2
   902 | D:2      | Identified the +8 whip of Circular Logic {flame, rC+ Will+
                  | Str+5}
  1108 | D:2      | Reached skill level 1 in Armour
  1410 | D:3      | Reached skill level 1 in Maces & Flails
  1410 | D:3      | Reached XP level 4. HP: 38/38 MP: 3/3
  1445 | D:3      | Found an iron altar of Okawaru.
  1450 | D:3      | Found a broken altar of Ashenzari.
  1454 | D:3      | Became a worshipper of Warmaster Okawaru
  1558 | D:3      | Reached XP level 5. HP: 16/45 MP: 4/4
  1834 | D:3      | Found a glowing silver altar of Zin.
  2063 | D:4      | Reached * piety under Okawaru
  2064 | D:4      | Reached XP level 6. HP: 24/52 MP: 5/5
  2076 | D:4      | Noticed Natasha
  2085 | D:4      | Killed Natasha
  2290 | D:4      | Reached XP level 7. HP: 55/59 MP: 6/6
  2402 | D:4      | HP: 3/60 [gnoll/+0 war axe (7)]
  2412 | D:4      | HP: 1/60 [gnoll/+0 war axe (5)]
  2426 | D:4      | Slain by a gnoll

Illustrated notes

Levels and vault maps discovered:
D:1:      ncdulo_halloftheorcs, layout_basic, hangedman_decor_riveting,
          hangedman_abyss_or_decor_stabs
D:2:      layout_basic, kennysheep_potato
D:3:      layout_basic, mainiacjoe_overflow_catwalk, nicolae_overflow_squiral,
          minmay_misc_feat_roman, nicolae_titane
D:4:      layout_cave_pods, serial_shops, nicolae_shop_tiny_statue_garden,
          nicolae_figureground_sparkle, uniq_robin, uniq_ijyb, uniq_natasha,
          uniq_sigmund

Skill      XL: |  1  2  3  4  5  6 |
---------------+-------------------+-----
Fighting       | 3 4 |  4.3
Short Blades   | 3 |  3.1
Armour         | 1 2 3 4 |  4.8
Maces & Flails | 1 2 3 |  3.9
Dodging        | 2 |  2.6
Throwing       | 3 |  3.7
Stealth        | |  3.3

Action                     |  1- 3 |  4- 6 |  7- 9 || total
---------------------------+-------+-------+-------++-------
  Melee: Dagger            |    75 |       |       ||    75
         Headbutt          |     8 |    15 |     1 ||    24
         Whip              |    24 |    80 |    12 ||   116
  Throw: Dart              |    25 |    36 |     7 ||    68
    Use: Scroll            |       |     4 |       ||     4
 Armour: Robe              |     7 |       |       ||     7
         Scale mail        |    30 |    35 |     7 ||    72
  Dodge: Dodged            |    56 |    44 |    14 ||   114

Table legend: (Time is in decaauts)
 A = Elapsed time spent in this place.
 B = Non-inter-level travel time spent in this place.
 C = Inter-level travel time spent in this place.
 D = Time resting spent in this place.
 E = Time spent auto-exploring this place.
 F = Levels seen in this place.
 G = Mean time per level.
                   A        B        C        D        E       F      G
               +--------+--------+--------+--------+--------+-----+--------+
         Total |   2407 |   1592 |    815 |      0 |    928 |   4 |  601.8 |
       Dungeon |   2407 |   1592 |    815 |      0 |    928 |   4 |  601.8 |
               +--------+--------+--------+--------+--------+-----+--------+

Top non-repeatable levels by time:
     D:2: 731 daAuts
     D:1: 663 daAuts
     D:3: 646 daAuts
     D:4: 366 daAuts
